 Dungeon Crawl Stone Soup version 0.23.1 (webtiles) character file.

Game seed: 0

158 PaladinM the Slasher (level 5, 0/38 HPs)
             Began as a Human Warper on Mar 16, 2019.
             Succumbed to a worker ant's poison
             ... on level 4 of the Dungeon.
             The game lasted 00:09:40 (3003 turns).

PaladinM the Slasher (Human Warper)                 Turns: 3003, Time: 00:09:42

Health: 0/38       AC:  4    Str: 12    XL:     5   Next: 67%
Magic:  1/8        EV: 12    Int: 13    God:
Gold:   97         SH:  0    Dex: 13    Spells: 4/8 levels left

rFire    . . .     SeeInvis .   a - +0 falchion
rCold    . . .     Gourm    .   (no shield)
rNeg     . . .     Faith    .   b - +0 leather armour
rPois    .         Spirit   .   i - +0 helmet
rElec    .         Reflect  .   (no cloak)
rCorr    .         Harm     .   (no gloves)
MR       .....                  (no boots)
Stlth    +.........             (no amulet)
HPRegen  0.12/turn              (no ring)
MPRegen  0.11/turn              (no ring)

@: lethally poisoned (0 -> -26), very slightly contaminated
A: no striking features
a: no special abilities


You were on level 4 of the Dungeon.
You were hungry.

You visited 1 branch of the dungeon, and saw 4 of its levels.

You collected 97 gold pieces.

Inventory:

Hand Weapons
 a - a +0 falchion (weapon)
Missiles
 e - 5 tomahawks of dispersal (quivered)
Armour
 b - a +0 leather armour (worn)
 i - a +0 helmet (worn)
Wands
 d - a wand of iceblast (10)
 p - a wand of digging (3)
Scrolls
 c - 4 scrolls of identify {unknown}
 g - a scroll of magic mapping {unknown}
 h - 2 scrolls of fear {unknown}
 j - a scroll of fog {unknown}
 k - a scroll of random uselessness {unknown}
 l - a scroll of immolation {unknown}
 m - a scroll of noise {unknown}
 n - 2 scrolls of teleportation {unknown}
 o - 2 scrolls of remove curse {unknown}
 q - a scroll of amnesia {unknown}
 r - a scroll of enchant weapon {unknown}
Comestibles
 f - 9 rations
 s - 2 chunks of flesh


   Skills:
 - Level 2.0 Fighting
 + Level 5.4 Long Blades
 - Level 1.0 Throwing
 - Level 1.0 Armour
 - Level 2.0 Dodging
 - Level 2.0 Spellcasting
 - Level 3.0 Translocations


You had 4 spell levels left.
You knew the following spells:

 Your Spells              Type           Power        Failure   Level  Hunger
a - Shroud of Golubria    Chrm/Tloc      #.........   26%         2    ###....
b - Blink                 Tloc           N/A          14%         2    ###....

Your spell library contained the following spells:

 Spells                   Type           Power        Failure   Level  Hunger
 Gell's Gravitas          Tloc           #.........   28%         3    ####...
 Lesser Beckoning         Tloc           #.........   28%         3    ####...
 Teleport Other           Tloc           #.......     28%         3    ####...
 Passage of Golubria      Tloc           N/A          67%         4    #####..


Dungeon Overview and Level Annotations

Branches:
Dungeon (4/15)
 Temple: D:4-7

Altars:
Nemelex Xobeh


Message History

The worker ant is severely wounded.
The worker ant bites you.
* * * LOW HITPOINT WARNING * * *
You are more poisoned.
The worker ant poisons you!
Casting: Blink (safe; 14% risk of failure)
Confirm with . or Enter, or press ? or * to list all spells.
You don't have enough magic to cast that spell.
Casting: Blink (safe; 14% risk of failure)
Confirm with . or Enter, or press ? or * to list all spells.
Okay, then.
* * * LOW HITPOINT WARNING * * *
You feel sick.
* * * LOW HITPOINT WARNING * * *
You feel very sick.
* * * LOW HITPOINT WARNING * * *
You feel sick.
* * * LOW HITPOINT WARNING * * *
You feel sick.
You die...

## #.#
###.#.#.#
#@......#
##.#####.###.
#.a##........
##.##.##....
#........##
#.........#
###.......#
##.##.#.#
####.# #


You could see a worker ant.

Vanquished Creatures
  A centaur skeleton (D:4)
  Terence (D:2)
  5 adders
  A worm (D:3)
  2 leopard geckos
  3 giant cockroaches
  10 goblins
  10 hobgoblins
  A ball python (D:4)
  3 bats
  4 frilled lizards
  9 kobolds
  8 rats
58 creatures vanquished.

Notes
Turn   | Place    | Note
-------+----------+-------------------------------------------
     0 | D:1      | PaladinM the Human Warper began the quest for the Orb.
     0 | D:1      | Reached XP level 1. HP: 16/16 MP: 3/3
    87 | D:1      | Reached XP level 2. HP: 18/22 MP: 5/5
    91 | D:1      | Learned a level 2 spell: Shroud of Golubria
    94 | D:1      | Learned a level 2 spell: Blink
   214 | D:1      | Reached skill level 3 in Long Blades
   430 | D:1      | Reached XP level 3. HP: 27/27 MP: 6/6
   985 | D:2      | Found a sparkling altar of Nemelex Xobeh.
  1052 | D:2      | Noticed Terence
  1302 | D:2      | HP: 1/27 [leopard gecko (4)]
  1338 | D:1      | HP: 1/27 [leopard gecko (3)]
  1369 | D:1      | HP: 1/27 [leopard gecko (3)]
  1770 | D:2      | Reached skill level 4 in Long Blades
  1770 | D:2      | Reached XP level 4. HP: 23/33 MP: 7/7
  2187 | D:2      | Killed Terence
  2382 | D:3      | Reached XP level 5. HP: 31/38 MP: 4/8
  2539 | D:3      | Reached skill level 5 in Long Blades
  3002 | D:4      | HP: 1/38 [poisoned by a worker ant]
  3003 | D:4      | Succumbed to a worker ant's poison

Skill      XL: |  1  2  3  4  5 |
---------------+----------------+-----
Long Blades    | 3 4 5 |  5.4
Fighting       | |  2.0
Throwing       | |  1.0
Armour         | |  1.0
Dodging        | |  2.0
Spellcasting   | |  2.0
Translocations | |  3.0

Action                   |  1- 3 |  4- 6 || total
-------------------------+-------+-------++-------
Melee: Falchion          |   141 |   104 ||   245
 Cast: Shroud of Golubri |     4 |    11 ||    15
       Blink             |     2 |     1 ||     3
  Use: Scroll            |     1 |       ||     1
       Potion            |       |     1 ||     1
 Stab: Sleeping          |       |     1 ||     1
  Eat: Ration            |     1 |       ||     1
       Chunk             |       |     5 ||     5
Armor: Leather armour    |    46 |    16 ||    62
Dodge: Dodged            |   136 |    78 ||   214
       Rpst.: Falchion   |    47 |    24 ||    71
